 Dungeon Crawl Stone Soup version 0.20-a0-809-gaf7f668 (webtiles) character file.

343 Goblin1989 the Slasher (level 6, -2/72 HPs)
             Began as a Barachian Fighter on Mar 3, 2017.
             Was an Initiate of Okawaru.
             Slain by an iguana (3 damage)
             ... on level 4 of the Dungeon.
             The game lasted 00:07:43 (3980 turns).

Goblin1989 the Slasher (Barachian Fighter)          Turns: 3980, Time: 00:07:44

Health: -2/72      AC: 23    Str: 24    XL:     6   Next: 57%
Magic:  6/6        EV:  2    Int: 13    God:    Okawaru [......]
Gold:   169        SH:  9    Dex: 12    Spells: 5/5 levels left

rFire    . . .     SeeInvis .   a - +0 long sword
rCold    . . .     Gourm    .   (armour currently unavailable)
rNeg     + + +     Faith    .   c - +0 shield
rPois    +         Spirit   .   (helmet currently unavailable)
rElec    .         Reflect  .   (cloak currently unavailable)
rCorr    +         Harm     .   (gloves currently unavailable)
MR       .....     NoTele   +   (boots currently unavailable)
Stlth    +.........             (no amulet)
Regen    0.3/turn               (no ring)
MPRegen  0.1/turn               g - ring of resist corrosion

@: mighty, brilliant, tree-form, can't hop, drained
A: +LOS, swims, (slowness 0), (strong legs 0)
a: Renounce Religion


You were on level 4 of the Dungeon.
You worshipped Okawaru.
Okawaru was noncommittal.
You were hungry.
You were a tree.
You visited 2 branches of the dungeon, and saw 5 of its levels.

You collected 169 gold pieces.

Inventory:

Hand Weapons
 a - a +0 long sword (weapon)
Armour
 b - a +0 scale mail
 c - a +0 shield (worn)
 q - a +0 cloak (melded)
 v - the +1 ring mail "Fuvuypis" (melded) {rF+ Str+5}
   (You found it on level 4 of the Dungeon)

   It affects your strength (+5).
   It protects you from fire.
 y - a +0 pair of gloves
Jewellery
 g - a ring of resist corrosion (left branch)
Wands
 L - a wand of lightning (3/15)
Scrolls
 f - a scroll of fog {unknown}
 h - 7 scrolls of identify {unknown}
 i - a scroll of teleportation {unknown}
 j - 2 scrolls of noise {unknown}
 l - a scroll of enchant weapon {unknown}
 m - 4 scrolls of remove curse {unknown}
 o - 2 scrolls of fear {unknown}
 r - a scroll of magic mapping {unknown}
 s - a scroll of immolation {unknown}
Potions
 d - a potion of might
 k - a potion of flight {unknown}
 n - a potion of curing {@q1}
 p - a potion of cancellation {unknown}
Comestibles
 e - 4 bread rations {@e1}
 u - 4 meat rations {@e2}
 w - 3 fruits


   Skills:
 + Level 3.8 Fighting
 * Level 7.8 Long Blades
 - Level 3.6 Armour
 + Level 0.9 Dodging
 + Level 3.5 Shields


You had 5 spell levels left.
You didn't know any spells.

Dungeon Overview and Level Annotations

Branches:
Dungeon (4/15)             Temple (1/1) D:4

Altars:
Ashenzari
Cheibriados
Dithmenos
Elyvilon
Hepliaklqana
Kikubaaqudgha
Makhleb
Nemelex Xobeh
Okawaru
Qazlal
Ru
Sif Muna
Trog
Vehumet
Wu Jian
Xom
Yredelemnul
Zin
The Shining One


Innate Abilities, Weirdness & Mutations

Shadows flee at your approach. (+LOS)
You can swim through water.
((You cover ground slowly.))
((You can hop short distances.))


Message History

You are feeling hungry.
The iguana hisses angrily.
The iguana is too close now for your liking.
An iguana is nearby!
An orc priest comes into view. It is wielding a club.
An orc comes into view. It is wielding a dagger.
The orc priest shouts!
The orc shouts!
The orc priest begins to cast a cantrip, but forgets the words!
The iguana bites you.
An orc comes into view. It is wielding a mace.
You take 3 damage, and have 45/48 hp.
You closely miss the iguana.
The orc shouts!
The orc priest invokes the aid of Beogh against you.
Beogh smites you! You block the iguana's attack.
You take 9 damage, and have 36/48 hp.
You closely miss the iguana. The iguana bites you!
You take 11 damage, and have 25/48 hp.
O_OOPS!!
MASSIVE DAMAGE!!
You are too injured to fight recklessly!
You are too injured to fight recklessly!
You are too injured to fight recklessly!
You are too injured to fight recklessly!
You are too injured to fight recklessly!
You are too injured to fight recklessly!
You are too injured to fight recklessly!
You are too injured to fight recklessly!
You are too injured to fight recklessly!
You are too injured to fight recklessly!
You are too injured to fight recklessly!
You are too injured to fight recklessly!
You are too injured to fight recklessly!
You are too injured to fight recklessly!
You are too injured to fight recklessly!
You are too injured to fight recklessly!
You are too injured to fight recklessly!
You are too injured to fight recklessly!
You are too injured to fight recklessly!
You are too injured to fight recklessly!
You are too injured to fight recklessly!
You are too injured to fight recklessly!
You are too injured to fight recklessly!
You are too injured to fight recklessly!
You are too injured to fight recklessly!
Hop to where?
Press: ? - help, Dir - move target cursor Boing!
The orc priest invokes the aid of Beogh against you.
Pain shoots through your body!
* * * LOW HITPOINT WARNING * * *
An orc wizard comes into view. It is wielding a dagger.
You take 9 damage, and have 16/48 hp.
The orc wizard shouts!
The orc wizard mumbles some strange words.
The orc wizard seems to speed up.
It was a potion of lignification.
You turn into a tree.
Your +0 cloak melds into your body.
The +1 ring mail "Fuvuypis" {rF+ Str+5} melds into your body.
Your roots penetrate the ground.
You block the orc's attack.
An orc priest comes into view.
You now have 25/72 hp.
It was a potion of brilliance.
You feel clever all of a sudden.
The orc priest shouts!
The orc priest calls down the wrath of Beogh upon you.
Beogh smites you!
* * * LOW HITPOINT WARNING * * *
The iguana bites you but does no damage.
The orc wizard casts a spell.
The orc wizard blinks!
You take 12 damage, and have 13/72 hp.
You feel very mighty all of a sudden.
The iguana bites you but does no damage.
You block the orc's attack.
You closely miss the orc priest.
The orc priest mumbles some strange prayers to Beogh against you.
Beogh smites you!
* * * LOW HITPOINT WARNING * * *
The orc priest looks encouraged for a moment.
The orc hits you with a dagger.
* * * LOW HITPOINT WARNING * * *
The iguana bites you but does no damage.
The orc priest hits you but does no damage.
You take 10 damage, and have 3/72 hp.
You hit the orc priest.
The orc priest is lightly wounded.
The iguana bites you but does no damage.
The orc hits you but does no damage.
The orc priest hits you but does no damage.
Unknown command.
You closely miss the iguana. You block the iguana's attack.
You block the orc's attack.
The orc priest hits you but does no damage.
The orc hits you but does no damage. The iguana bites you.
* * * LOW HITPOINT WARNING * * *
You take 2 damage, and have 1/72 hp.
Unknown command.
You slash the orc priest!
The orc priest is almost dead.
The iguana bites you.
You die...

..███ ████.......>...█
.... █.█..█.█.█.██
..████████████.......█
.██.......██ ██.█.█.██
.█.♣██.██♣.█ █.......█
.█ ██...██.█ ██.█.█.██
.█ █.♣.♣.█.█ █.......█
.█ █..<..█(█ ██.█.█.███
.█ █.♣.♣.█.███.o♣.....█
.█ ██...██.█.██o█l█.█.█
.█.♣█████♣.█.os..o....█
.██.......██..█.█.█.█.█
..████.████.......██..█
..███..o..........█..██
..██................██
..█................██
..█.s.............██


You could see an iguana, 2 orc priests, an orc wizard, an orc and a giant
cockroach.

Vanquished Creatures
  A scorpion (D:4)
  An orc priest (D:4)
  2 orc wizards (D:4)
  A worker ant (D:3)
  A hound skeleton (D:4)
  3 gnolls
  6 adders
  An ooze (D:3)
  2 worms (D:2)
  3 leopard geckos
  6 orcs
  3 bats
  8 giant cockroaches
  7 hobgoblins
  5 jackals
  2 quokkas
  6 frilled lizards
  12 goblins
  7 kobolds
  6 rats
83 creatures vanquished.

Notes
Turn   | Place    | Note
-------+----------+-------------------------------------------
     0 | D:1      | Goblin1989 the Barachian Fighter began the quest for the Orb.
     0 | D:1      | Reached XP level 1. HP: 18/18 MP: 1/1
   235 | D:1      | Reached skill level 3 in Long Blades
   396 | D:1      | Reached XP level 2. HP: 24/24 MP: 2/2
   959 | D:2      | Reached skill level 4 in Long Blades
   959 | D:2      | Reached XP level 3. HP: 26/29 MP: 3/3
  1309 | D:2      | Reached skill level 5 in Long Blades
  1309 | D:2      | Reached XP level 4. HP: 17/36 MP: 4/4
  2209 | D:3      | Reached skill level 6 in Long Blades
  2209 | D:3      | Reached XP level 5. HP: 37/41 MP: 5/5
  2580 | D:3      | Found a shattered altar of Ashenzari.
  2942 | D:4      | Found a sacrificial altar of Ru.
  2946 | D:4      | Found an iron altar of Okawaru.
  3256 | D:3      | Reached skill level 7 in Long Blades
  3358 | D:4      | Reached XP level 6. HP: 37/47 MP: 6/6
  3537 | D:4      | Got a bloodstained ring mail
  3548 | D:4      | Identified the +1 ring mail "Fuvuypis" {rF+ Str+5} (You found it on level 4 of the Dungeon)
  3594 | D:4      | Became a worshipper of Warmaster Okawaru
  3807 | D:4      | Found a staircase to the Ecumenical Temple.
  3817 | Temple   | Entered the Ecumenical Temple
  3977 | D:4      | HP: 3/72 [orc/dagger (1)]
  3979 | D:4      | HP: 1/72 [iguana (2)]
  3980 | D:4      | Slain by an iguana

Vault maps used:
D:1:      lemuel_arrival_room, xom_teletrap_fun
D:2:      minmay_tiny_reverse_x
D:3:      cheibrodos_ashenzari_chains
D:4:      grunt_temple_overflow_open, temple_statues, st_stairs_12,
          grunt_ministairs_11, glass_columns_a, minmay_crystal_water,
          minmay_liquid_box, hangedman_decor_clover_reticule, minivault_19
Temple:   compressed_dpeg_circular_temple

Skill      XL: |  1  2  3  4  5 |
---------------+----------------+-----
Long Blades    | 3 4 5 6 7 |  7.8
Fighting       | |  3.8
Armour         | |  3.6
Dodging        | |  0.9
Shields        | |  3.5

Action                   |  1- 3 |  4- 6 || total
-------------------------+-------+-------++-------
Melee: Long sword        |    86 |   232 ||   318
 Abil: Hop               |       |     2 ||     2
  Use: Potion            |       |     5 ||     5
  Eat: Chunk             |     2 |     9 ||    11
Armor: Scale mail        |    48 |    80 ||   128
       Skin              |       |     8 ||     8
       Ring mail         |       |     5 ||     5
Dodge: Dodged            |    25 |    73 ||    98
Block: Shield            |    47 |   120 ||   167
       Rpst.: Long sword |     8 |    30 ||    38

Vault maps used:
D:1:      lemuel_arrival_room, xom_teletrap_fun
D:2:      minmay_tiny_reverse_x
D:3:      cheibrodos_ashenzari_chains
D:4:      grunt_temple_overflow_open, temple_statues, st_stairs_12,
          grunt_ministairs_11, glass_columns_a, minmay_crystal_water,
          minmay_liquid_box, hangedman_decor_clover_reticule, minivault_19
Temple:   compressed_dpeg_circular_temple
